 Dungeon Crawl Stone Soup version 0.20-a0-61-ga1b20b4 (webtiles) character file.

7037 KristoblXynda the Covert (level 11, 0/90 HPs)
             Began as a Naga Monk on Nov 18, 2016.
             Was a High Priest of Cheibriados.
             Slain by a manticore (8 damage)
             ... on level 11 of the Dungeon.
             The game lasted 00:21:44 (10439 turns).

KristoblXynda the Covert (Naga Monk)               Turns: 10439, Time: 00:21:46

Health: 0/90       AC: 10    Str: 31    XL:     11   Next: 9%
Magic:  24/24      EV: 15    Int: 26    God:    Cheibriados [*****.]
Gold:   625        SH:  6    Dex: 25    Spells: 1 memorised, 8 levels left

rFire  . . .     SeeInvis +     m - +3 spear (venom)
rCold  . . .     Gourm    .     v - +1 robe of Miracles {rPois rN+ MP+9 Str+2}
rNeg   + . .     Faith    .     w - +0 buckler
rPois  +         Spirit   .     z - +2 helmet
rElec  .         Reflect  .     o - +0 cloak
rCorr  .         Harm     .     (no gloves)
MR     +....                    (no barding)
Stlth  ++++++....               (no amulet)
                                p - +3 ring of strength
                                j - +4 ring of evasion

@: short of breath, barbed spikes, drained, very slow
A: see invisible, deformed body, poison resistance, slowness 2, slow metabolism
1, spit poison 1, AC +3
a: Spit Poison, Bend Time, Temporal Distortion, Slouch, Step From Time, Renounce
Religion


You were on level 11 of the Dungeon.
You worshipped Cheibriados.
Cheibriados was extremely pleased with you.
You were not hungry.

You visited 2 branches of the dungeon, and saw 13 of its levels.

You collected 625 gold pieces.

Inventory:

Hand Weapons
 a - a +0 whip of flaming
 m - a +3 spear of venom (weapon)
Missiles
 n - a throwing net (quivered)
Armour
 o - a +0 cloak (worn)
 v - the +1 robe of Miracles (worn) {rPois rN+ MP+9 Str+2}
   (You found it on level 5 of the Dungeon)

   It affects your strength (+2).
   It protects you from poison.
   It protects you from negative energy.
   It affects your magic capacity (+9).
 w - a +0 buckler (worn)
 z - a +2 helmet (worn)
Jewellery
 j - a +4 ring of evasion (left hand)
 p - a +3 ring of strength (right hand)
Wands
 t - a wand of lightning (4/15)
 u - a wand of iceblast (5/15)
 E - a wand of paralysis (6/24)
Scrolls
 i - 2 scrolls of teleportation
 l - 2 scrolls of amnesia
 q - 5 scrolls of remove curse
 y - 2 scrolls of enchant armour
 C - a scroll of recharging
Potions
 e - 2 potions of cancellation
 f - 5 potions of curing
 g - a potion of flight
 s - a potion of cure mutation
 B - a potion of ambrosia {unknown}
Books
 b - a book of Air

   Spells                             Type                      Level
   a - Shock                          Conjuration/Air              1
   b - Swiftness                      Charms/Air                   2
   c - Repel Missiles                 Charms/Air                   2
   d - Static Discharge               Conjuration/Air              3
   e - Lightning Bolt                 Conjuration/Air              5
 h - a book of Callings

   Spells                             Type                      Level
   a - Summon Small Mammal            Summoning                    1
   b - Call Imp                       Summoning                    2
   c - Call Canine Familiar           Summoning                    3
   d - Summon Guardian Golem          Hexes/Summoning              3
   e - Summon Lightning Spire         Summoning/Air                4
   f - Summon Ice Beast               Ice/Summoning                4
Miscellaneous
 k - a fan of gales
Comestibles
 c - 7 bread rations
 d - 6 beef jerkies


   Skills:
 - Level 3.0(2.9) Fighting
 + Level 9.7(9.6) Polearms
 - Level 5.0 Throwing
 - Level 3.3 Armour
 - Level 2.5 Dodging
 + Level 13.9 Stealth
 - Level 4.4 Shields
 + Level 0.0 Spellcasting
 + Level 5.6 Invocations


You had 8 spell levels left.
You knew the following spells:

 Your Spells              Type           Power        Failure   Level  Hunger
a - Repel Missiles        Chrm/Air       #.....       21%         2    ###....


Dungeon Overview and Level Annotations

Branches:
Dungeon (12/15)            Temple (1/1) D:5            Lair (0/6) D:8
    Orc: D:9-12

Altars:
Ashenzari
Cheibriados
Dithmenos
Elyvilon
Fedhas
Gozag
Hepliaklqana
Kikubaaqudgha
Makhleb
Nemelex Xobeh
Okawaru
Qazlal
Ru
Sif Muna
Trog
Uskayaw
Vehumet
Xom
Yredelemnul
Zin
The Shining One

Shops:
D:9 =

Annotations:
D:12 Sonja


Innate Abilities, Weirdness & Mutations

You cannot wear boots.
Your serpentine skin is tough. (AC +3)
You have supernaturally acute eyesight. (SInv)
Armour fits poorly on your strangely shaped body.
Your system is resistant to poisons. (rPois)
You cover ground very slowly.
You have a slow metabolism.
You can spit poison.


Message History

The manticore is severely wounded.
The hound bites you but does no damage.
The manticore bites you but does no damage.
The manticore barely misses you. The manticore claws you.
You hit the manticore but do no damage.
The manticore looks as sick as possible!
The manticore is severely wounded.
The hound bites you.
You hit the manticore.
The manticore looks as sick as possible!
The manticore is severely wounded.
The hound closely misses you. The manticore bites you!!
* * * LOW HITPOINT WARNING * * *
The manticore claws you.
* * * LOW HITPOINT WARNING * * *
The manticore claws you!
* * * LOW HITPOINT WARNING * * *
You feel better. The hound bites you but does no damage.
The manticore bites you!
You die...

#######. #.#
......#.######.#
......#........# .
...>..#........#+#####..
......#.................
......#.................
......#............(....
......#.........@h......
####'##..........H......
#......................
#..............#####...
#.##...###.......... ..
#......###....###### .
#.............#
######........#
##########


You could see a manticore and a hound.

Vanquished Creatures
  Pikel (D:4)
  An ugly thing (D:12)
  The ghost of anet the Vandal, a novice HaHu of Ashenzari (D:6)
  A komodo dragon (D:8)
  A hornet (D:8)
  4 hippogriffs
  A troll (D:12)
  Sigmund (D:2)
  3 hungry ghosts
  Edmund (D:6)
  The ghost of anet the Magician, an amateur DEWz (D:3)
  2 black bears
  5 orc warriors
  2 ice beasts (D:7)
  3 sky beasts
  A necrophage (D:6)
  3 ogres
  7 centaurs
  Blork the orc (D:4)
  A big kobold (D:9)
  4 bullfrogs
  A scorpion (D:5)
  4 wights (D:12)
  A howler monkey (D:5)
  An electric eel (D:6)
  3 crimson imps
  A bullfrog zombie (D:8)
  4 orc priests
  A centaur skeleton (D:7)
  A centaur zombie (D:6)
  A jelly (D:8)
  A bullfrog skeleton (D:4)
  5 orc wizards
  2 iguanas
  5 worker ants
  A hound zombie (D:9)
  4 hound skeletons
  A worker ant zombie (D:9)
  4 gnolls (D:5)
  A river rat (D:6)
  9 adders
  2 shadow imps
  5 adder zombies
  5 worms
  A dart slug (D:3)
  9 leopard geckos
  37 orcs
  7 giant cockroaches
  7 goblins
  7 hobgoblins
  4 jackals (D:6)
  5 quokkas
  A ball python (D:6)
  11 bats
  6 frilled lizards (D:1)
  A jackal skeleton (D:5)
  14 kobolds
  A leopard gecko skeleton (D:5)
  A leopard gecko zombie (D:5)
  A quokka skeleton (D:7)
  6 rats
  A plant (D:8)
228 creatures vanquished.

Vanquished Creatures (others)
  A troll (D:12)
  A wight (D:12)
  2 bullfrog skeletons
  An adder (D:4)
  A worm (D:4)
  A quokka (D:12)
7 creatures vanquished.

Grand Total: 235 creatures vanquished

Notes
Turn   | Place    | Note
-------+----------+-------------------------------------------
     0 | D:1      | KristoblXynda the Naga Monk began the quest for the Orb.
     0 | D:1      | Reached XP level 1. HP: 21/21 MP: 1/1
    82 | D:1      | Reached XP level 2. HP: 17/28 MP: 2/2
   857 | D:1      | Reached skill level 4 in Stealth
  1052 | D:1      | Reached XP level 3. HP: 34/34 MP: 3/3
  1302 | D:2      | Found a faded altar of an unknown god.
  1302 | D:2      | Found a faded altar of an unknown god.
  1309 | D:2      | Found an ancient bone altar of Kikubaaqudgha.
  1311 | D:2      | Found a faded altar of an unknown god.
  1313 | D:2      | Found an iron altar of Okawaru.
  1424 | D:2      | Noticed Sigmund
  1455 | D:2      | Killed Sigmund
  1455 | D:2      | Reached skill level 5 in Stealth
  1455 | D:2      | Reached XP level 4. HP: 28/42 MP: 4/4
  1455 | D:2      | Reached XP level 5. HP: 33/49 MP: 5/5
  1496 | D:2      | Reached skill level 6 in Stealth
  2005 | D:3      | Reached XP level 6. HP: 40/56 MP: 6/6
  2119 | D:3      | Found a glowing golden altar of the Shining One.
  2236 | D:3      | Noticed anet's ghost (amateur DEWz)
  2258 | D:3      | Killed anet's ghost
  2347 | D:3      | Reached XP level 7. HP: 45/62 MP: 7/7
  2407 | D:3      | Reached skill level 7 in Stealth
  2553 | D:3      | Reached skill level 5 in Polearms
  3019 | D:4      | Found a stormy altar of Qazlal.
  3064 | D:4      | Noticed Pikel
  3080 | D:4      | Killed Pikel
  3080 | D:4      | Reached skill level 8 in Stealth
  3080 | D:4      | Reached XP level 8. HP: 34/69 MP: 8/8
  3261 | D:4      | Noticed Blork the orc
  3269 | D:4      | Killed Blork the orc
  3269 | D:4      | Reached skill level 9 in Stealth
  3567 | D:5      | Entered Level 5 of the Dungeon
  3567 | D:5      | Found a sparkling altar of Nemelex Xobeh.
  3567 | D:5      | Found a staircase to the Ecumenical Temple.
  4018 | D:5      | Reached skill level 5 in Throwing
  4184 | Temple   | Entered the Ecumenical Temple
  4386 | Temple   | Became a worshipper of Cheibriados the Contemplative
  4386 | Temple   | Reached * piety under Cheibriados
  4386 | Temple   | Reached ** piety under Cheibriados
  4430 | D:5      | Got a sheer robe
  4441 | D:5      | Identified the +1 robe of Miracles {rPois rN+ MP+9 Str+2} (You found it on level 5 of the Dungeon)
  4644 | D:5      | Reached skill level 1 in Armour
  4644 | D:5      | Reached skill level 10 in Stealth
  4650 | D:5      | Gained mutation: Your mind is acute. (Int +2) [potion of mutation]
  4650 | D:5      | Gained mutation: Your muscles are strong. (Str +2) [potion of mutation]
  4650 | D:5      | Lost mutation: Your muscles are strong. (Str +2) [potion of mutation]
  4692 | D:6      | Noticed anet's ghost (novice HaHu)
  4731 | D:6      | Lost mutation: Your mind is acute. (Int +2) [potion of cure mutation]
  4755 | D:6      | Killed anet's ghost
  4755 | D:6      | Reached XP level 9. HP: 75/75 MP: 9/9
  4799 | D:6      | Noticed Edmund
  4817 | D:6      | Killed Edmund
  4817 | D:6      | Reached skill level 11 in Stealth
  4832 | D:6      | Found a burning altar of Makhleb.
  4832 | D:6      | Noticed a cacodemon
  6049 | D:6      | Reached *** piety under Cheibriados
  6389 | D:7      | Reached skill level 1 in Invocations
  6740 | D:7      | Reached skill level 1 in Shields
  6770 | D:7      | Reached skill level 12 in Stealth
  7026 | D:7      | Reached XP level 10. HP: 52/84 MP: 12/12
  7029 | D:7      | Reached **** piety under Cheibriados
  8081 | D:8      | Found a staircase to the Lair.
  8225 | D:8      | Reached skill level 13 in Stealth
  8551 | D:8      | Learned a level 2 spell: Repel Missiles
  8839 | D:9      | Reached ***** piety under Cheibriados
  8871 | D:9      | Found a white marble altar of Elyvilon.
  9003 | D:9      | Found Cautsug's Jewellery Shop.
  9164 | D:9      | Reached skill level 5 in Invocations
  9231 | D:9      | Found a radiant altar of Vehumet.
  9328 | D:10     | Entered Level 10 of the Dungeon
  9662 | D:10     | Noticed a hill giant
  9677 | D:10     | You fall through a shaft for 2 floors!
  9767 | D:12     | Noticed Sonja
  9850 | D:12     | Noticed a red ugly thing
  9883 | D:12     | Killed a brown ugly thing
  9883 | D:12     | Reached XP level 11. HP: 44/90 MP: 15/15
 10422 | D:11     | Noticed a manticore
 10438 | D:11     | HP: 1/90 [manticore (7)]
 10439 | D:11     | Slain by a manticore

Vault maps used:
D:1:      dpeg_arrival_short_road
D:2:      chequers_temple_overflow_minitemple, first_bread,
          kennysheep_generic_room_5, uniq_sigmund
D:3:      overflow_temple_1_default
D:4:      lemuel_round_altar, uniq_pikel, uniq_blork_the_orc
D:5:      nemelex_xobeh_ov_fountains_minmay
D:6:      makhleb_altar_promises_db, portal_sewer_entry_b,
          kennysheep_generic_room_16, uniq_edmund
D:7:      grunt_ogre_cave, minmay_misc_feat_encased, kennysheep_dice
D:8:      david_lair_shrubbed
D:9:      old_standard_altar, kennysheep_mini_moat, serial_shops, shop,
          serial_bayou_pond_a
D:10:     minmay_opposing_rooms
D:11:     introduction_to_nature_1
D:12:     david_orc_1_choice, lemuel_flamethrower_2, uniq_sonja
Temple:   nicolae_temple_figure_eight

Skill      XL: |  1  2  3  4  5  6  7  8  9 10 |
---------------+-------------------------------+-----
Stealth        | 4 5 6 8 10 12 13 | 13.9
Polearms       | 4 6 7 8 9 |  9.7
Throwing       | 2 3 4 5 |  5.0
Armour         | 2 3 |  3.3
Invocations    | 2 5 |  5.6
Shields        | 1 4 |  4.4
Fighting       | |  3.0
Dodging        | |  2.5

Action                   |  1- 3 |  4- 6 |  7- 9 | 10-12 || total
-------------------------+-------+-------+-------+-------++-------
Melee: Spear             |   115 |   102 |   410 |   368 ||   995
Throw: Throwing net      |       |       |       |     1 ||     1
 Abil: Spit Poison       |     6 |     1 |     9 |    12 ||    28
  Use: Scroll            |     8 |       |    10 |     3 ||    21
       Potion            |       |       |     6 |     4 ||    10
 Stab: Sleeping          |     8 |     2 |    15 |    17 ||    42
       Distracted        |       |       |     1 |       ||     1
       Invisible         |       |       |       |     3 ||     3
       Held in net/web   |       |       |       |     2 ||     2
  Eat: Chunk             |     1 |     3 |     5 |     4 ||    13
       Beef jerky        |       |       |     1 |     2 ||     3
       Meat ration       |       |       |     2 |       ||     2
       Fruit             |       |       |     1 |     1 ||     2
       Bread ration      |       |       |       |     1 ||     1
Armor: Robe              |    17 |    20 |    68 |    65 ||   170
       Skin              |       |       |    14 |       ||    14
       Ring mail         |       |       |     9 |       ||     9
Dodge: Dodged            |    52 |    76 |   240 |   154 ||   522
Block: Buckler           |       |       |    25 |    96 ||   121
